 Dungeon Crawl Stone Soup version 0.24-a0-619-gb7544fd (console) character file.

Game seed: 13984984466115742442, levelgen mode: deterministic

1437 vegansnacktivist the Changer (level 8, -15/55 HPs)
             Began as an Octopode Transmuter on Sept 16, 2019.
             Was a Believer of Okawaru.
             Demolished by an orc warrior
             ... wielding a +0 war axe
              (24 damage)
             ... on level 6 of the Dungeon.
             The game lasted 00:06:19 (5574 turns).

vegansnacktivist the Changer (Octopode Transmuter)  Turns: 5574, Time: 00:06:21

Health: -15/55     AC:  1    Str: 11    XL:     8   Next: 74%
Magic:  15/17      EV: 13    Int: 16    God:    Okawaru [**....]
Gold:   314        SH:  0    Dex: 12    Spells: 4/19 levels left

rFire    . . .     SeeInvis .     - Unarmed
rCold    . . .     Gourm    .   (no shield)
rNeg     + . .     Faith    .   (helmet restricted)
rPois    .         Spirit   .   q - amulet of harm
rElec    .         Reflect  .   s - ring of positive energy
rCorr    .         Harm     +   (no ring)
MR       .....                  (no ring)
Stlth    +++.......             (no ring)
HPRegen  0.18/turn              (no ring)
MPRegen  0.15/turn              (no ring)
                                (no ring)
                                (no ring)

@: no status effects
A: almost no armour, stealthy swim, amphibious, 8 rings, constrict 8, camouflage
1, gelatinous body 1
a: Heroism, Renounce Religion


You were on level 6 of the Dungeon.
You worshipped Okawaru.
Okawaru was pleased with you.
You were hungry.

You visited 2 branches of the dungeon, and saw 7 of its levels.

You collected 314 gold pieces.

Inventory:

Hand Weapons
 d - a +1 dagger of venom
Missiles
 a - 62 arrows
 l - 4 javelins (quivered)
 t - 3 poisoned darts
Jewellery
 e - an uncursed ring of ice
 q - an amulet of harm (around mantle)
 s - a ring of positive energy (left tentacle)
Scrolls
 b - 3 scrolls of teleportation
 g - 4 scrolls of enchant weapon
 k - a scroll of immolation
 m - 2 scrolls of enchant armour
 n - a scroll of amnesia
 p - 6 scrolls of remove curse {unknown}
Potions
 f - a potion of agility
 j - 2 potions of ambrosia
 o - a potion of resistance
 r - a potion of curing
 u - a potion of brilliance
Comestibles
 c - 10 rations


   Skills:
 - Level 5.0 Fighting
 - Level 2.0 Dodging
 + Level 2.2 Stealth
 - Level 4.1 Unarmed Combat
 - Level 6.0 Spellcasting
 - Level 6.1 Transmutations


You had 4 spell levels left.
You knew the following spells:

 Your Spells              Type           Power        Failure   Level  Hunger
a - Beastly Appendage     Tmut           ###...       1%          1    None
b - Sticks to Snakes      Tmut           ###.....     1%          2    #......
c - Spider Form           Tmut/Pois      ##........   12%         3    ##.....
d - Ice Form              Ice/Tmut       ##......     36%         4    ####...
e - Blade Hands           Tmut           ###.......   30%         5    ######.

Your spell library contained the following spells:

 Spells                   Type           Power        Failure   Level  Hunger


Dungeon Overview and Level Annotations

Branches:
Dungeon (6/15)             Temple (1/1) D:4

Altars:
Ashenzari
Dithmenos
Elyvilon
Gozag
Kikubaaqudgha
Nemelex Xobeh
Okawaru
Qazlal
Trog
Uskayaw
Xom
Yredelemnul
Zin
The Shining One


Innate Abilities, Weirdness & Mutations

You cannot wear most types of armour.
You are very stealthy in the water. (Stealth+)
You are amphibious.
You can wear up to eight rings at the same time.
You can use your tentacles to constrict eight enemies at once.
Your skin changes colour to match your surroundings (Stealth+).
Your rubbery body absorbs attacks. (AC +1, EV +1)


Message History

You see here a leather armour.
The orc warrior looks more healthy.
The orc looks more healthy.
Found a stone staircase leading up.
Press: ? - help, v - describe, . - travel
Here: an orc warrior, wielding a +0 war axe and wearing a +0 chain mail (moderately wounded)
The floor.
Unknown command.
You completely miss the orc warrior.
The orc warrior is moderately wounded.
The orc warrior hits you with a +0 war axe!!
* * * LOW HITPOINT WARNING * * *
Okay, then.
Casting: Spider Form (safe; 28% risk of failure)
Confirm with . or Enter, or press ? or * to list all spells.
You create 2 snakes!
You now have 62 arrows.
Your transformation has ended.
Something hits your ball python!
Your ball python dies!
The orc warrior hits you with a +0 war axe!!
You die...

### ..######## #.#
#........# #.#
########.# #.# #.#
#.# ##.## #.#
###...# #<#
#.....# #S#
#####.#...## #@#
#..........#####o#
#.###.####.).o...#
#.###.# #)#######
...##.# #.#
.#.##.# #o#
.#.##.# #..
.#....## #o##
#####.. ...


You could see an orc warrior and a friendly ball python.

Vanquished Creatures
  Pikel (D:5)
  Sigmund (D:2)
  A slave (D:5)
  3 bullfrogs (D:6)
  A howler monkey (D:6)
  A crimson imp (D:6)
  2 bullfrog zombies (D:5)
  A jelly (D:6)
  2 orc priests (D:6)
  A bullfrog skeleton (D:6)
  3 orc wizards
  4 worker ants
  A hound zombie (D:6)
  A hound skeleton (D:4)
  3 gnolls (D:4)
  7 adders
  An adder skeleton (D:4)
  3 worms
  2 dart slugs (D:1)
  3 leopard geckos
  13 orcs
  7 giant cockroaches
  11 hobgoblins
  3 jackals (D:6)
  6 kobolds
  6 bats
  7 frilled lizards
  6 goblins
  A leopard gecko skeleton (D:4)
  3 rats
105 creatures vanquished.

Vanquished Creatures (collateral kills)
  A shadow imp (D:5)
1 creature vanquished.

Grand Total: 106 creatures vanquished

Notes
Turn   | Place    | Note
-------+----------+-------------------------------------------
     0 | D:1      | vegansnacktivist the Octopode Transmuter began the quest
                  | for the Orb.
     0 | D:1      | Reached XP level 1. HP: 13/13 MP: 3/3
    63 | D:1      | Reached XP level 2. HP: 15/18 MP: 5/5
   601 | D:1      | Reached XP level 3. HP: 21/23 MP: 6/6
   612 | D:1      | Learned a level 2 spell: Sticks to Snakes
   616 | D:1      | Learned a level 3 spell: Spider Form
   638 | D:1      | Found a shimmering altar of Xom.
   897 | D:2      | Noticed Sigmund
  1151 | D:2      | Reached XP level 4. HP: 19/30 MP: 7/7
  1420 | D:2      | Killed Sigmund
  1420 | D:2      | Reached XP level 5. HP: 38/38 MP: 5/8
  1420 | D:2      | Reached XP level 6. HP: 45/45 MP: 5/9
  1469 | D:2      | Reached skill level 5 in Fighting
  1585 | D:2      | Found an ancient bone altar of Kikubaaqudgha.
  2302 | D:3      | Found a glowing golden altar of the Shining One.
  2337 | D:3      | Found a faded altar of an unknown god.
  2632 | D:4      | Found a staircase to the Ecumenical Temple.
  2792 | Temple   | Entered the Ecumenical Temple
  2875 | Temple   | Became a worshipper of Warmaster Okawaru
  3317 | D:5      | Entered Level 5 of the Dungeon
  3394 | D:5      | Reached XP level 7. HP: 28/50 MP: 8/10
  4517 | D:5      | Noticed Pikel
  4530 | D:5      | Killed Pikel
  4530 | D:5      | Reached * piety under Okawaru
  4530 | D:5      | Reached XP level 8. HP: 28/55 MP: 11/17
  4541 | D:5      | Learned a level 4 spell: Ice Form
  4547 | D:5      | Learned a level 5 spell: Blade Hands
  5160 | D:6      | Reached skill level 5 in Transmutations
  5316 | D:6      | Reached ** piety under Okawaru
  5554 | D:6      | Reached skill level 1 in Stealth
  5574 | D:6      | Demolished by an orc warrior

Levels and vault maps discovered:
D:1:      minmay_arrival_doors, layout_rooms, xom_teletrap_fun
D:2:      layout_loops_ring, lemuel_doored_altar, first_ration, uniq_sigmund
D:3:      layout_rooms, tso_altar, chequers_ecumenical_altar_island
D:4:      layout_basic, temple_statues
D:5:      layout_basic, uniq_pikel
D:6:      layout_loops_ring
Temple:   nicolae_temple_hex_pool

Skill      XL: |  1  2  3  4  5  6  7  8 |
---------------+-------------------------+-----
Unarmed Combat | 4 |  4.1
Fighting       | 2 4 5 |  5.0
Transmutations | 4 6 |  6.1
Spellcasting   | 6 |  6.0
Stealth        | 2 |  2.2
Dodging        | |  2.0

Action                   |  1- 3 |  4- 6 |  7- 9 || total
-------------------------+-------+-------+-------++-------
Melee: Unarmed           |    67 |   127 |   118 ||   312
       Constrict         |    16 |    34 |    13 ||    63
       Tentacles         |     6 |    15 |    11 ||    32
       Punch             |     3 |     1 |       ||     4
       Kick              |     4 |     8 |     5 ||    17
       Dagger            |       |       |     3 ||     3
Throw: Javelin           |       |     3 |       ||     3
 Cast: Beastly Appendage |     7 |     8 |     4 ||    19
       Spider Form       |       |     2 |     5 ||     7
       Sticks to Snakes  |       |       |     4 ||     4
  Use: Scroll            |       |       |     8 ||     8
       Potion            |       |       |     4 ||     4
 Stab: Sleeping          |     7 |     6 |     2 ||    15
  Eat: Chunk             |       |     8 |     4 ||    12
       Ration            |       |       |     1 ||     1
Armor: Skin              |     1 |     6 |     2 ||     9
Dodge: Dodged            |    53 |    75 |    67 ||   195

Table legend:
 A = Non-vault XP
 B = Vault XP
 C = Vault XP percentage of total XP
 D = Non-vault monster count
 E = Vault monster count
 F = Vault count percentage of total count
                 A         B        C        D         E       F
            +---------+---------+-------+---------+---------+-------
      Total |    1214 |     840 |  40.9 |     103 |       2 |   1.9
            +---------+---------+-------+---------+---------+-------
        D:1 |      50 |       0 |   0.0 |      20 |       0 |   0.0
        D:2 |      91 |     223 |  71.0 |      18 |       1 |   5.3
        D:3 |      44 |       0 |   0.0 |      20 |       0 |   0.0
        D:4 |     186 |       0 |   0.0 |      12 |       0 |   0.0
        D:5 |     221 |     617 |  73.6 |      13 |       1 |   7.1
        D:6 |     622 |       0 |   0.0 |      20 |       0 |   0.0
            +---------+---------+-------+---------+---------+-------
